 Dungeon Crawl Stone Soup version 0.29-a0-541-gaf1fc19f1b (console) character file.

Game seed: 16768548580814506792

268 om the Insei (level 6, -1/47 HPs)
             Began as a Demonspawn Transmuter on June 2, 2022.
             Slain by a bullfrog (8 damage)
             ... in a sewer.
             The game lasted 00:08:28 (4532 turns).

om the Insei (Demonspawn Transmuter)                Turns: 4532, Time: 00:08:28

Health: -1/47      AC:  3    Str: 12    XL:     6   Next: 0%
Magic:  8/10       EV: 13    Int: 11    God:
Gold:   221        SH:  0    Dex: 16    Spells: 4/10 levels left

rFire   + + +      SeeInvis .     - Unarmed
rCold   + . .      Faith    .   (no shield)
rNeg    . . .      Spirit   .   n - +1 robe "Xeuvecop" {rF+++ rC+ Int-3 Dex+2}
rPois   +          Reflect  .   (no helmet)
rElec   .          Harm     .   (no cloak)
rCorr   .          Rampage  .   (no gloves)
Will    .....                   (no boots)
Stlth   +.........              (no amulet)
HPRegen 0.15/turn               c - ring of poison resistance
MPRegen 0.12/turn               (no ring)

@: wereblooded, flying, invisible
A: powered by pain 2, spiny 1
a: no special abilities


You were in a sewer.
You visited 1 branch of the dungeon, and saw 4 of its levels.
You also visited: Sewer.

You collected 221 gold pieces.

Inventory:

Missiles
 k - a throwing net
Armour
 a - a +0 robe
 n - the +1 robe "Xeuvecop" (worn) {rF+++ rC+ Int-3 Dex+2}
   (You found it on level 2 of the Dungeon)

   Int:       It affects your intelligence (-3).
   Dex:       It affects your dexterity (+2).
   rF:        It renders you almost immune to fire.
   rC:        It protects you from cold.
Jewellery
 c - a ring of poison resistance (left hand)
Scrolls
 d - a scroll of fog
 e - 2 scrolls of teleportation
 f - a scroll of blinking {unknown}
 j - a scroll of identify
Potions
 g - a potion of haste {unknown}
 h - a potion of invisibility
 i - a potion of curing {unknown}
 l - a potion of resistance {unknown}
 m - a potion of attraction {unknown}
 o - a potion of might {unknown}
 p - a potion of brilliance {unknown}


   Skills:
 * Level 3.3 Fighting
 + Level 2.6 Dodging
 + Level 3.3 Unarmed Combat
 + Level 2.7 Spellcasting
 * Level 3.3 Transmutations


You had 4 spell levels left.
You knew the following spells:

 Your Spells              Type           Power      Damage    Failure   Level
a - Beastly Appendage     Tmut           16%        N/A       7%          1
b - Wereblood             Tmut           8%         N/A       11%         2
c - Spider Form           Tmut/Pois      5%         N/A       38%         3

Your spell library contained the following spells:

 Spells                   Type           Power      Damage    Failure   Level
 Ice Form                 Ice/Tmut       5%         N/A       80%         4


Dungeon Overview and Level Annotations

Branches:
Dungeon (4/15)              Sewer (1/1)
 Temple: D:4-7

Altars:
Uskayaw


Innate Abilities, Weirdness & Mutations

You sometimes gain power by taking damage.
You are partially covered in sharp spines.


Message History

The adder is struck by your spines. The adder closely misses you.
The bullfrog is struck by your spines. The bullfrog closely misses you.
The ball python attacks as you move away!
The ball python is struck by your spines.
The ball python barely misses you. The bullfrog hits you!
* * * LOW HITPOINT WARNING * * *
The adder bites you but does no damage. The adder is struck by your spines.
The adder barely misses you. The bullfrog closely misses you.
The ball python attacks as you move away!
The ball python is struck by your spines.
You feel a bit better.
You kill the ball python!
The bullfrog is struck by your spines. The bullfrog closely misses you.
The adder barely misses you. The adder is struck by your spines.
The adder bites you but does no damage. The adder attacks as you move away!
The adder is struck by your spines.
You feel a bit better.
You kill the adder!
The bullfrog attacks as you move away! The bullfrog closely misses you.
The bullfrog is struck by your spines. The bullfrog hits you!
* * * LOW HITPOINT WARNING * * *
The bullfrog closely misses you.
The bullfrog hits you but does no damage.
The bullfrog is struck by your spines.
The bullfrog hits you but does no damage.
It was a potion of invisibility.
You fade into invisibility!
The adder is struck by your spines.
You feel a bit better.
You kill the adder!
The bullfrog barely misses you. The bullfrog misses you.
You have reached level 6!
Your demonic ancestry asserts itself...
You feel even more energised by your suffering.
Your horns disappear.
Your talons disappear.
The bullfrog hits you but does no damage.
The bullfrog barely misses you.
The bullfrog hits you but does no damage.
The bullfrog barely misses you. The bullfrog hits you!
You die...

###################
###..≈≈≈≈≈≈≈≈≈≈≈≈≈≈≈#..
##....≈≈≈≈≈#≈.†≈#≈≈≈≈...
#.....≈≈≈≈≈≈≈≈≈#≈≈≈≈≈...
#.....≈≈F≈≈≈≈≈≈≈≈†≈≈≈...
##.....≈@F≈≈≈≈≈≈≈≈≈≈≈≈...
#......≈≈≈≈≈≈≈≈≈≈≈≈≈≈≈#..
#....################## #
##...#### #....#!.#
#....'..# #...#####
##...##
#....####################


You could see 2 bullfrogs.

Vanquished Creatures
  A gnoll (D:1)
  7 river rats
  8 adders
  A shadow imp (D:3)
  2 worms
  3 dart slugs
  3 orcs
  6 bats
  3 endoplasms
  3 giant cockroaches
  8 goblins
  4 hobgoblins
  A jackal (D:3)
  5 quokkas (D:4)
  19 ball pythons
  4 frilled lizards
  7 kobolds
  28 rats
113 creatures vanquished.

Notes
Turn   | Place    | Note
-------+----------+-------------------------------------------
     0 | D:1      | om the Demonspawn Transmuter began the quest for the Orb.
     0 | D:1      | Reached XP level 1. HP: 15/15 MP: 3/3
   234 | D:1      | Gained mutation: You are partially covered in sharp spines.
                  | [demonic ancestry]
   234 | D:1      | Reached XP level 2. HP: 3/21 MP: 3/5
  1043 | D:1      | Reached XP level 3. HP: 27/27 MP: 4/6
  1092 | D:1      | Learned a level 2 spell: Wereblood
  1096 | D:1      | Learned a level 3 spell: Spider Form
  1401 | D:2      | Found a faded altar of an unknown god.
  2230 | D:2      | Identified the +1 robe "Xeuvecop" {rF+++ rC+ Int-3 Dex+2}
  2376 | D:3      | Found a hide-covered altar of Uskayaw.
  2378 | D:3      | Noticed an ogre
  2458 | D:3      | Gained mutation: You sometimes gain a little power by
                  | taking damage. [demonic ancestry]
  2458 | D:3      | Reached XP level 4. HP: 34/34 MP: 5/7
  3607 | D:4      | Found a glowing drain.
  3615 | D:4      | Reached XP level 5. HP: 8/40 MP: 6/8
  3650 | Sewer    | Entered a sewer
  4527 | Sewer    | HP: 2/41 [bullfrog (7)]
  4530 | Sewer    | Gained mutation: You sometimes gain power by taking damage.
                  | [demonic ancestry]
  4530 | Sewer    | Reached XP level 6. HP: 6/47 MP: 7/10
  4532 | Sewer    | Slain by a bullfrog

Illustrated notes

Levels and vault maps discovered:
D:1:      dpeg_arrival_arbitrary_a, layout_loops_cross
D:2:      layout_basic, nicolae_ecumenical_pavilion
D:3:      layout_basic, nicolae_uskayaw_dance_hall, minmay_joined_circles
D:4:      layout_loops_ring, trog_three_pillars_becter, kennysheep_mini_moat,
          gup_sewer_entry_bubbles
Sewer:    sewer_minmay_w

Skill      XL: |  1  2  3  4  5 |
---------------+----------------+-----
Transmutations | 2 3 |  3.3
Dodging        | 2 |  2.6
Fighting       | 2 3 |  3.3
Unarmed Combat | 3 |  3.3
Spellcasting   | |  2.7

Action                   |  1- 3 |  4- 6 || total
-------------------------+-------+-------++-------
Melee: Unarmed           |    76 |   100 ||   176
       Kick              |    14 |    11 ||    25
       Headbutt          |     6 |    12 ||    18
       Punch             |     1 |     1 ||     2
 Cast: Beastly Appendage |    27 |    21 ||    48
       Wereblood         |     1 |     8 ||     9
  Use: Potion            |     1 |     3 ||     4
       Scroll            |       |     6 ||     6
 Stab: Sleeping          |     2 |     1 ||     3
Armor: Robe              |     9 |    28 ||    37
       Skin              |     1 |       ||     1
Dodge: Dodged            |    40 |    94 ||   134

Table legend: (Time is in decaauts)
 A = Elapsed time spent in this place.
 B = Non-inter-level travel time spent in this place.
 C = Inter-level travel time spent in this place.
 D = Time resting spent in this place.
 E = Time spent auto-exploring this place.
 F = Levels seen in this place.
 G = Mean time per level.
                   A        B        C        D        E       F      G
               +--------+--------+--------+--------+--------+-----+--------+
         Total |   4579 |   4309 |    270 |    986 |   2526 |   5 |  915.8 |
       Dungeon |   3660 |   3390 |    270 |    433 |   2335 |   4 |  915.0 |
         Sewer |    919 |    919 |      0 |    553 |    191 |   1 |  919.0 |
               +--------+--------+--------+--------+--------+-----+--------+

Top non-repeatable levels by time:
     D:2: 1209 daAuts
     D:1: 1207 daAuts
   Sewer: 919 daAuts
     D:3: 835 daAuts
     D:4: 407 daAuts
